[Event "ICC tourney 2801 (60 5)"]
[Site "Internet Chess Club"]
[Date "2022.01.23"]
[Round "5"]
[White "MOORE, ADAM:madamimadam"]
[Black "RAMANATHAN, VARUN:Grasshopper411"]
[Result "1-0"]
[ICCResult "Black checkmated"]
[WhiteElo "1465"]
[BlackElo "1068"]
[Opening "Caro-Kann defense"]
[ECO "B10"]
[NIC "CK.01"]
[Time "14:00:25"]
[PlyCount "143"]
[TimeControl "3600+5"]

1. e4 c6 2. f4 d5 3. exd5 cxd5 4. d4 Bf5 5. Nf3 e6 6. Bb5+ Nd7 7. Ne5 Nf6 8.
g4 a6 9. Bxd7+ Nxd7 10. gxf5 Qh4+ 11. Kf1 Nxe5 12. fxe5 Be7 13. Qd3 Rc8 14.
c3 Qg4 15. h3 Qe4 16. Qxe4 dxe4 17. fxe6 fxe6 18. Ke2 O-O 19. Be3 Rf3 20.
Nd2 Rg3 21. Rag1 Rxg1 22. Rxg1 Rf8 23. Rf1 Rd8 24. Nxe4 h6 25. Rg1 Kh7 26.
Bf4 Rf8 27. Ke3 g5 28. Bxg5 hxg5 29. Nxg5+ Bxg5+ 30. Rxg5 Kh6 31. h4 Rf7 32.
Rg8 Kh5 33. Re8 Kxh4 34. Rxe6 Kg5 35. Rb6 Re7 36. Ke4 Rf7 37. Kd5 Kf5 38.
Rf6+ Rxf6 39. exf6 Kxf6 40. Kd6 Kf7 41. Kc7 Ke6 42. Kxb7 Kd5 43. Kxa6 Kc4
44. Kb6 Kd5 45. a4 Kd6 46. Kb7 Kd5 47. a5 Kc4 48. a6 Kb5 49. a7 Kc4 50. a8=Q
Kd3 51. Qa6+ Ke3 52. d5 Kd2 53. c4 Kd3 54. c5+ Kd4 55. Qc6 Ke5 56. d6 Kd4
57. d7 Ke5 58. Qd6+ Ke4 59. d8=Q Kf5 60. Ka8 Kg4 61. b4 Kf5 62. b5 Kg4 63.
b6 Kh5 64. b7 Kg4 65. b8=Q Kh5 66. c6 Kg4 67. c7 Kh5 68. Q6d7 Kg6 69. c8=Q
Kh5 70. Q7e8+ Kh6 71. Qh4+ Kg7 72. Qbe5# {Black checkmated} 1-0

[Event "ICC tourney 2801 (60 5)"]
[Site "Internet Chess Club"]
[Date "2022.01.23"]
[Round "5"]
[White "JACKSON, MASSIMO MATEO:Yeetamus123"]
[Black "KRISHNAN, SHREYANK:K05-16258876"]
[Result "1-0"]
[ICCResult "Black checkmated"]
[WhiteElo "1383"]
[BlackElo "1054"]
[Opening "Scotch: Potter variation"]
[ECO "C45"]
[NIC "SO.05"]
[Time "14:00:46"]
[PlyCount "127"]
[TimeControl "3600+5"]

1. e4 e5 2. Nf3 Nc6 3. d4 exd4 4. Nxd4 Bc5 5. Nb3 Bb6 6. Nc3 Nf6 7. Qe2 O-O
8. Bg5 h6 9. Bh4 Qe7 10. Nd5 Qe5 11. Nxf6+ gxf6 12. c3 d6 13. Bg3 Qe7 14.
O-O-O Re8 15. f3 Bf5 16. Qd2 Bxe4 17. fxe4 Qxe4 18. Qd3 Qe3+ 19. Qxe3 Bxe3+
20. Kb1 Bb6 21. Bd3 Ne5 22. Rhf1 Kg7 23. h3 Nxd3 24. Rxd3 Re2 25. Rd2 Re6
26. Bf2 Rae8 27. Bxb6 axb6 28. Nd4 Re5 29. Rdf2 Re1+ 30. Rxe1 Rxe1+ 31. Kc2
Re5 32. Re2 Rxe2+ 33. Nxe2 Kg6 34. Kd2 Kf5 35. Ke3 Ke5 36. Kf3 Kf5 37. Nd4+
Ke5 38. Kg4 c5 39. Nf3+ Ke4 40. Kh5 Kf4 41. Kxh6 Kf5 42. Kg7 Ke6 43. h4 d5
44. h5 d4 45. cxd4 cxd4 46. Nxd4+ Ke5 47. h6 Kxd4 48. h7 Ke3 49. h8=Q Kf2
50. Kxf7 f5 51. Qf6 f4 52. Qxf4+ Ke2 53. g4 Kd3 54. g5 b5 55. g6 b4 56. g7
b3 57. axb3 b5 58. g8=Q b4 59. Qc4+ Ke3 60. Qg3+ Kd2 61. Qd4+ Kc1 62. Qxb4
Kb1 63. Qge1+ Ka2 64. Qa3# {Black checkmated} 1-0

[Event "ICC tourney 2801 (60 5)"]
[Site "Internet Chess Club"]
[Date "2022.01.23"]
[Round "5"]
[White "PADIYAR, SUNMAY:sunmay12"]
[Black "JAIN, PARINYA:StockAlpha2020"]
[Result "0-1"]
[ICCResult "White checkmated"]
[WhiteElo "1369"]
[BlackElo "1288"]
[Opening "Four knights: Scotch, 4...exd4"]
[ECO "C47"]
[NIC "KP.06"]
[Time "14:00:19"]
[PlyCount "64"]
[TimeControl "3600+5"]

1. e4 e5 2. Nf3 Nc6 3. Nc3 Nf6 4. d4 exd4 5. Nxd4 Nxd4 6. Qxd4 d6 7. Bg5 Be7
8. O-O-O h6 9. Bh4 Be6 10. Bb5+ c6 11. Be2 Qa5 12. Bc4 Bxc4 13. Qxc4 Qe5 14.
Bg3 Qg5+ 15. Kb1 O-O 16. h4 Qg4 17. Qd3 Rfd8 18. Qe3 b5 19. a3 a5 20. e5
dxe5 21. Rxd8+ Rxd8 22. Qxe5 Bd6 23. Qe3 Bxg3 24. fxg3 b4 25. axb4 axb4 26.
Na2 Ne4 27. Qf4 Qe2 28. Qc1 Nd2+ 29. Ka1 Ra8 30. b3 Rxa2+ 31. Kxa2 Qa6+ 32.
Kb2 Qa3# {White checkmated} 0-1

[Event "ICC tourney 2801 (60 5)"]
[Site "Internet Chess Club"]
[Date "2022.01.23"]
[Round "5"]
[White "AYYAPPAN, ANUSHKA:Anushkaa"]
[Black "BRUDNO, STEPHEN:StevChess01"]
[Result "1/2-1/2"]
[ICCResult "Game drawn by mutual agreement"]
[WhiteElo "1303"]
[BlackElo "1440"]
[Opening "Sicilian: O'Kelly variation"]
[ECO "B28"]
[NIC "SI.43"]
[Time "14:00:18"]
[PlyCount "163"]
[TimeControl "3600+5"]

1. e4 c5 2. Nf3 a6 3. d4 cxd4 4. Nxd4 Nf6 5. Nc3 e5 6. Nb3 Bb4 7. Bd3 d6 8.
Bd2 O-O 9. O-O Be6 10. a3 Bxc3 11. Bxc3 Nbd7 12. Bb4 Bxb3 13. cxb3 Nc5 14.
Bxc5 dxc5 15. Rc1 Qe7 16. Qe2 Rfd8 17. Rfd1 Rd4 18. f3 Rad8 19. Bc2 Rxd1+
20. Rxd1 Rxd1+ 21. Qxd1 Qd7 22. Qxd7 Nxd7 23. Bd3 Kf8 24. Kf2 Ke7 25. Bc4
Nb6 26. Ke3 f6 27. g3 Kd6 28. Kd3 Na8 29. Bd5 Kc7 30. Kc4 Kb6 31. b4 cxb4
32. Kxb4 Nc7 33. Bg8 h6 34. a4 a5+ 35. Kc3 Na6 36. Bd5 Nc5 37. b3 Na6 38. f4
Nb4 39. Bc4 Kc5 40. f5 b6 41. h4 Nc6 42. Bd5 Nd4 43. Bc4 Nc6 44. Bd5 Ne7 45.
Bf7 Nc8 46. Be6 Nd6 47. Bd5 b5 48. g4 b4+ 49. Kd3 Nc8 50. Be6 Nb6 51. Bf7
Nc8 52. Be6 Ne7 53. Bf7 Nc6 54. Bc4 Nd4 55. Ke3 Nc2+ 56. Kd3 Ne1+ 57. Ke2
Ng2 58. h5 Kd4 59. Kf3 Ne3 60. Bf7 Kd3 61. Be8 Nc2 62. Bf7 Kc3 63. Kg3 Nd4
64. g5 hxg5 65. Kg4 Nxb3 66. h6 gxh6 67. Kh5 Nc5 68. Kxh6 Nxe4 69. Bd5 Ng3
70. Kg6 b3 71. Kxf6 b2 72. Ba2 Kc2 73. Kxe5 Nxf5 74. Kxf5 b1=Q 75. Bxb1+
Kxb1 76. Kxg5 Kb2 77. Kf4 Kb3 78. Ke3 Kxa4 79. Kd2 Kb3 80. Kc1 Ka2 81. Kc2
a4 82. Kc1 {Game drawn by mutual agreement} 1/2-1/2

[Event "ICC tourney 2801 (60 5)"]
[Site "Internet Chess Club"]
[Date "2022.01.23"]
[Round "5"]
[White "THAPER, RISHUBH:MajorKey"]
[Black "IRANIAN PRABHU KUMAR, ASHWIN:IPAshwin2013"]
[Result "0-1"]
[ICCResult "White resigns"]
[WhiteElo "1121"]
[BlackElo "757"]
[Opening "Nimzo-Indian: Sämisch variation"]
[ECO "E24"]
[NIC "NI.18"]
[Time "14:00:18"]
[PlyCount "96"]
[TimeControl "3600+5"]

1. d4 Nf6 2. c4 e6 3. Nc3 Bb4 4. a3 Bxc3+ 5. bxc3 b6 6. f3 d5 7. cxd5 exd5
8. Bg5 h6 9. Bh4 Bb7 10. e3 Qe7 11. Bf2 a6 12. Bd3 Nbd7 13. Ne2 c5 14. O-O
c4 15. Bc2 g5 16. Ng3 O-O-O 17. Nf5 Qf8 18. Bg3 Ne8 19. e4 dxe4 20. Bxe4
Bxe4 21. fxe4 Nc5 22. Nd6+ Nxd6 23. dxc5 Nb5 24. Qg4+ Kb7 25. a4 Nxc3 26.
Rf5 Rh7 27. Bd6 Qe8 28. Qf3 Qxe4 29. Rxf7+ Rxf7 30. Qxf7+ Ka8 31. cxb6 Qd4+
32. Kh1 Qxb6 33. Bc7 Qb7 34. Qxc4 Rc8 35. Qxc3 Qxc7 36. Qf3+ Ka7 37. Qf2+
Qb6 38. Qf7+ Rc7 39. Qf1 Rb7 40. Re1 Rc7 41. Re2 Qc6 42. Qf2+ Ka8 43. Re8+
Qxe8 44. Qf3+ Ka7 45. Qf2+ Kb8 46. Qg3 Kc8 47. Qg4+ Qd7 48. Qxd7+ Rxd7
{White resigns}
0-1